 Dungeon Crawl Stone Soup version 0.31-a0-167-g1c394c0614 (webtiles) character file.

Game seed: 3342484608428918159

46 qw the Shooter (level 3, 0/22 HPs)
             Began as a Gargoyle Hunter on June 14, 2023.
             Slain by a goblin
             ... wielding a +0 club
             ... led by Robin
              (2 damage)
             ... on level 2 of the Dungeon.
             The game lasted 00:00:51 (1023 turns).

qw the Shooter (Gargoyle Hunter)                    Turns: 1023, Time: 00:00:52

Health: 0/22       AC:  8    Str: 14    XL:     3   Next: 68%
Magic:  3/3        EV: 10    Int:  9    God:
Gold:   71         SH:  0    Dex: 15    Spells: 2/2 levels left

rFire   . . .        Y - +0 shortbow
rCold   . . .        (shield currently unavailable)
rNeg    + . .        g - +0 ring mail
rPois   inf          (no helmet)
rElec   +            (no cloak)
rCorr   .            (no gloves)
SInv    .            (no boots)
Will    .....        (no amulet)
Stlth   +            (no ring)
HPRegen 0.23/turn    (no ring)
MPRegen 0.08/turn

%: no passive effects
@: no status effects
A: sickness immunity, AC +3, negative energy resistance 1, electricity
resistance, torment resistance 1, petrification resistance
a: no special abilities


You were on level 2 of the Dungeon.
You visited 1 branch of the dungeon, and saw 2 of its levels.

You collected 71 gold pieces.


Innate Abilities, Weirdness & Mutations

You are immune to sickness and miasma.
Your stone body is resilient. (AC +3)
You are immune to poison.
You resist negative energy. (rN+)
You are resistant to electric shocks. (rElec)
You are resistant to unholy torment.
You are immune to petrification.


   Skills:
 + Level 2.4 Fighting
 - Level 5.0 Ranged Weapons
 - Level 1.0 Armour
 - Level 1.5 Dodging
 - Level 1.1 Stealth


You had 2 spell levels left.
You didn't know any spells.
Your spell library was empty.

Inventory:

Hand Weapons
 Y - a +0 shortbow (weapon)
Armour
 g - a +0 ring mail (worn)
Scrolls
 a - a scroll of enchant weapon {unknown}
 f - a scroll of identify
Potions
 e - 2 potions of curing
 h - a potion of brilliance {unknown}

Dungeon Overview and Level Annotations

Branches:
Dungeon (2/15)

Altars:
Okawaru

Annotations:
D:2 Robin


Message History

You shoot an arrow. The arrow closely misses the goblin.
The jackal closely misses you.
The jackal bites you but does no damage. x2
The jackal barely misses you.
The jackal bites you but does no damage.
The goblin closely misses you. The goblin hits you but does no damage.
The jackal barely misses you.
You shoot an arrow. The arrow hits the goblin!
You kill the goblin!
The jackal barely misses you.
The jackal bites you but does no damage. x2
The goblin hits you but does no damage. The jackal closely misses you. x2
The jackal bites you but does no damage.
You shoot an arrow. The arrow hits the jackal!
You kill the jackal!
The goblin closely misses you. The jackal barely misses you.
The jackal bites you. The jackal barely misses you.
Robin throws the goblin at you! The goblin closely misses you.
You shoot an arrow. The arrow closely misses Robin.
The jackal bites you but does no damage.
The jackal bites you. The jackal closely misses you.
The goblin barely misses you. Robin hits you but does no damage.
You shoot an arrow. The arrow barely misses Robin.
The jackal bites you but does no damage.
The jackal closely misses you. The goblin hits you but does no damage.
Robin barely misses you. The jackal barely misses you.
The jackal closely misses you.
You shoot an arrow. The arrow barely misses Robin.
The jackal closely misses you.
The jackal bites you but does no damage.
Robin hits you but does no damage. The goblin barely misses you.
The jackal bites you but does no damage.
The jackal closely misses you.
You shoot an arrow. The arrow hits Robin!
Robin is heavily wounded.
The jackal bites you but does no damage.
Robin closely misses you. The goblin closely misses you. The jackal misses you.
The jackal bites you but does no damage.
The goblin hits you with a +0 club.
You die...

.#.###.#.#.### .# ##.#
#.#.#.# .# ...# #...#.##
.# .### ###....#####.##
.##....#......8....##
.##.................##
.##..................##
.##.............))....##
.##............g@g.....#
.##.............hh.?....
.##........~~~~~~.......
..........~~####~~......
###.......~# ##~..[...
#.8.....~# ~...)..
#.......~# ~.....8
#.......~## ~......
###.......~~#


You could see Robin, 2 jackals and a goblin (strong).

Vanquished Creatures
  A dart slug (D:1)
  4 endoplasms (D:1)
  8 goblins
  4 hobgoblins (D:2)
  3 jackals
  5 ball pythons (D:1)
  6 bats
  4 frilled lizards
  2 kobolds
  5 rats
42 creatures vanquished.

Notes
Turn   | Place    | Note
-------+----------+-------------------------------------------
     0 | D:1      | qw the Gargoyle Hunter began the quest for the Orb.
     0 | D:1      | Reached XP level 1. HP: 12/12 MP: 1/1
     0 | D:1      | 0 ||| qw: Version: 0.2-a-29-g1fa15c8
     0 | D:1      | 0 ||| qw: Game counter: 4923
     0 | D:1      | 0 ||| qw: Always use a shield: true
     0 | D:1      | 0 ||| qw: God list: Okawaru
     0 | D:1      | 0 ||| qw: Allow faded altars: false
     0 | D:1      | 0 ||| qw: Do Orc after D:15 true
     0 | D:1      | 0 ||| qw: Do second Lair branch before Depths: true
     0 | D:1      | 0 ||| qw: Lair rune preference: random
     0 | D:1      | 0 ||| qw: Plans: Normal, Zot:1-4, Slime:5, God:TSO, Crypt,
                  | Tomb, Abyss, Pan, Hells, Win
     0 | D:1      | 0 ||| PLANNING D:1-11
    69 | D:1      | Reached XP level 2. HP: 17/17 MP: 2/2
   569 | D:1      | Reached XP level 3. HP: 21/21 MP: 3/3
   719 | D:1      | Found an iron altar of Okawaru.
   720 | D:1      | 720 ||| PLANNING OKAWARU WORSHIP
   723 | D:1      | 723 ||| UPGRADING to +0 ring mail.
   733 | D:1      | 733 ||| DROPPING +0 leather armour.
   734 | D:1      | 734 ||| READING scroll labelled FAUCIF QEOFEUMOR.
   735 | D:1      | 735 ||| READING 2 scrolls labelled MAS VOIDEU.
   736 | D:1      | 736 ||| DRINKING 3 fuming pink potions.
   737 | D:1      | 737 ||| DROPPING scroll of butterflies.
   739 | D:1      | 739 ||| PLANNING D:1-11
   919 | D:1      | 919 ||| Stepping randomly (stuck).
  1005 | D:2      | Reached skill level 1 in Armour
  1006 | D:2      | Reached skill level 5 in Ranged Weapons
  1012 | D:2      | Noticed Robin
  1016 | D:2      | HP: 5/21 [jackal (2)]
  1020 | D:2      | HP: 1/22 [jackal (2)]
  1023 | D:2      | Slain by a goblin

Levels and vault maps discovered:
D:1:      dpeg_arrival_water_altar, layout_basic, st_stairs_7
D:2:      layout_basic, kennysheep_decorative_pillar, uniq_robin

Skill      XL: |  1  2  3 |
---------------+----------+-----
Armour         | 1 |  1.0
Ranged Weapons | 5 |  5.0
Fighting       | |  2.4
Dodging        | |  1.5
Stealth        | |  1.1

Action                     || total
---------------------------++-------
   Fire: Shortbow          ||    82
    Use: Scroll            ||     2
         Potion            ||     1
 Armour: Leather armour    ||     1
         Ring mail         ||    43
  Dodge: Dodged            ||    58

Table legend:
 A = Non-vault XP
 B = Vault XP
 C = Vault XP percentage of total XP
 D = Non-vault monster count
 E = Vault monster count
 F = Vault count percentage of total count
                 A         B        C        D         E       F
            +---------+---------+-------+---------+---------+-------
      Total |      47 |      20 |  29.9 |      31 |      11 |  26.2
            +---------+---------+-------+---------+---------+-------
        D:1 |      35 |       2 |   5.4 |      23 |       1 |   4.2
        D:2 |      12 |      18 |  60.0 |       8 |      10 |  55.6
            +---------+---------+-------+---------+---------+-------
